Cogmind - Beta 14 @@@ ROGUE MODE // 2025.05.05 @ 19:17:38 Player: Polariusz Result: Destroyed by M0-GXM(R) with Subdweller Machine Gun Performance ------------- Evolutions (0) 0 Regions Visited (3) 600 Robots Destroyed (31) 155 Value Destroyed (717) 717 Prototype IDs (0) 0 Alien Tech Used (0) 0 Bonus (85) 85 TOTAL SCORE: 1557 Bonus ------- Follower Combat Kills 85 Cogmind --------- Core Integrity 0/250 Matter 166/300 Energy 105/125 System Corruption 0% Temperature Cool (0) Movement Rolling (95) Ox1 Location -10/Subcaves Parts ------- > --- POWER (1) -------- Light Ion Engine > --- PROPULSION (2) --- Wheel > --- UTILITY (2) ------ Small Storage Unit Hacking Suite > --- WEAPON (2) ------- Particle Gun Subdweller Machine Gun > --- INVENTORY (8) ---- Visual Processing Unit Signal Interpreter Targeting Computer Targeting Computer Medium Armor Plating Medium Armor Plating Rocket Launcher Peak State ------------ > --- POWER ------------ Light Ion Engine > --- PROPULSION ------- Wheel Subdweller Monowheel > --- UTILITY ---------- Small Storage Unit Hacking Suite > --- WEAPON ----------- Subdweller Machine Gun Subdweller Machine Gun > --- INVENTORY -------- Signal Interpreter Targeting Computer Targeting Computer Medium Armor Plating Medium Armor Plating Particle Gun Rocket Launcher [Rating: 13] Favorites ----------- Power Light Ion Engine Engine Light Ion Engine Propulsion Aluminum Leg Leg Aluminum Leg Wheel Wheel Hover Unit Hover Unit Utility Small Storage Unit Storage Small Storage Unit Hackware Hacking Suite Weapon Assault Rifle Energy Gun Particle Gun Energy Cannon Beam Cannon Ballistic Gun Assault Rifle Launcher Rocket Launcher Build | -11 -10 -10 -10 ------- Run | Yrd Mat Min Sub Slots Evolved . | . . . . Power . | . . . . Propulsion . | . . . . Utility . | . . . . Weapon . | . . . . Parts Attached 31 | 6 11 . 14 Power 3 | 1 1 . 1 Engine 3 | 1 1 . 1 Core . | . . . . Reactor . | . . . . Propulsion 9 | 2 5 . 2 Treads . | . . . . Leg 2 | . 2 . . Wheel 4 | 2 . . 2 Hover 3 | . 3 . . Flight . | . . . . Utility 3 | 1 2 . . Device . | . . . . Storage 2 | 1 1 . . Processor . | . . . . Hackware 1 | . 1 . . Protection . | . . . . Artifact . | . . . . Weapon 16 | 2 3 . 11 Energy Gun 1 | . . . 1 Energy Cannon 1 | . 1 . . Ballistic Gun 11 | 2 2 . 7 Ballistic Cannon . | . . . . Launcher 3 | . . . 3 Special Weapon . | . . . . Impact Weapon . | . . . . Slashing Weapon . | . . . . Piercing Weapon . | . . . . Special Melee Weapon . | . . . . Unidentified Prototypes . | . . . . Parts Lost 3 | . 2 . 1 Power . | . . . . Propulsion 2 | . 1 . 1 Utility . | . . . . Weapon 1 | . 1 . . Highest Loss Streak 1 | . 1 . 1 To Critical Strikes . | . . . . Average Slot Usage (%) 90 | . 88 100 93 Engine 11 | . 9 14 14 Leg 7 | . 2 28 10 Wheel 9 | . 9 . 11 Hover 5 | . 9 . . Storage 13 | . 13 14 14 Hackware 13 | . 13 14 14 Energy Cannon 4 | . 3 14 2 Ballistic Gun 22 | . 24 14 23 Peak Build Rating 13 | 6 10 10 13 Average Rating 9 | 3 8 10 11 On Entrance 6 | . 6 10 10 Naked Turns . | . . . . Heaviest Build 16 | 14 14 13 16 Greatest Support 30 | 26 26 20 30 Greatest Overweight (x) 2 | . 2 . 1 Average Overweight (x) . | . . . . Largest Inventory Capacity 8 | 8 8 8 8 Average Capacity 7 | 6 7 8 8 Most Carried 8 | 5 8 8 8 Average Carried 6 | 1 6 8 7 Final Capacity 8 | 8 8 8 8 Final Carried 8 | 1 8 8 7 Class Distribution -------------------- 75% | Mutant 24% | Scavenger-Mutant Dominant Class ---------------- Mutant | -10/Materials Mutant | -10/Mines Scavenger-Mutant | -10/Subcaves Resources | -11 -10 -10 -10 ----------- Run | Yrd Mat Min Sub Matter Collected 797 | 241 368 . 188 Remotely . | . . . . Salvage Created 1009 | . 662 . 347 Parts 67 | . 42 . 25 Haulers Intercepted 1 | . 1 . . Recyclers Shooed . | . . . . Parts Field Recycled . | . . . . Retrieved Matter . | . . . . Parts Self-Destructed 16 | . . . 16 Prevented . | . . . . Kills | -11 -10 -10 -10 ------- Run | Yrd Mat Min Sub Combat Hostiles Destroyed 22 | . 14 . 8 Guns 17 | . 11 . 6 Cannons 3 | . 2 . 1 AOE 1 | . 1 . . Classes Destroyed 9 | . 6 . 3 Hauler 1 | . 1 . . Recycler 3 | . 3 . . Operator 2 | . 2 . . Watcher 3 | . 3 . . Swarmer 9 | . 9 . . Grunt 9 | . 5 . 4 Sentry 1 | . . . 1 Artisan 1 | . . . 1 Subdweller 3 | . . . 3 Best Kill Streak 6 | . 6 . 4 Combat Bots Only 4 | . 3 . 4 Max Kills in Single Turn 4 | . 4 . 1 Gunslinging . | . . . . Exploded 1 | . 1 . . Melee . | . . . . Uniques/NPCs Destroyed . | . . . . Combat | -11 -10 -10 -10 -------- Run | Yrd Mat Min Sub Hostile Shots Fired 99 | . 67 . 32 Missed 28 | . 18 . 10 Damage Taken 1046 | . 546 . 500 Core 257 | . 134 . 123 Absorbed by Shields . | . . . . Regen/Repaired (Parts) 88 | . 88 . . Core Remaining (%) 100 | 100 . . . Volleys Fired 84 | . 44 . 40 Largest 2 | . 2 . 2 Hottest 95 | . 80 . 95 Shots Fired 155 | . 88 . 67 Gun 125 | . 83 . 42 Cannon 20 | . 5 . 15 Launcher 10 | . . . 10 Special . | . . . . Kinetic 118 | . 83 . 35 Thermal 27 | . 5 . 22 Explosive 10 | . . . 10 Electromagnetic . | . . . . Robot Hit Streak 28 | . 13 . 28 Robot Miss Streak 3 | . 3 . 2 Penetration Max . | . . . . Secondary Targets 4 | . 3 . 1 Max Gunslinging Chain 1 | . 1 . 1 Shots Hit Robots 98 | . 54 . 44 Core Hits 40 | . 28 . 12 Critical Kills 2 | . 1 . 1 Critical Parts Destroyed . | . . . . Critical Strikes 2 | . 1 . 1 Meltdown 1 | . . . 1 Destroy 1 | . 1 . . Melee Attacks . | . . . . Impact . | . . . . Slashing . | . . . . Piercing . | . . . . Sneak Attacks . | . . . . Combat Hostiles . | . . . . Follow-up Attacks . | . . . . Damage Inflicted 1871 | . 1083 . 788 Guns 1045 | . 633 . 412 Cannons 195 | . 71 . 124 Explosions 631 | . 379 . 252 Melee . | . . . . Ramming . | . . . . Kinetic 1012 | . 633 . 379 Thermal 607 | . 450 . 157 Explosive 252 | . . . 252 Electromagnetic . | . . . . Impact . | . . . . Slashing . | . . . . Piercing . | . . . . Highest Corruption . | . . . . Average Corruption . | . . . . Corruption Purged . | . . . . Corruption Blocked . | . . . . Overload Shots . | . . . . Overflow Damage 187 | . 187 . . Projectiles . | . . . . Explosions 187 | . 187 . . Melee . | . . . . Knockbacks . | . . . . Impact . | . . . . Kinetic . | . . . . Secondary . | . . . . Self-Inflicted Damage 146 | . 87 . 59 Shots 3 | . 1 . 2 Rammed . | . . . . Targets Rammed . | . . . . Kicked . | . . . . Crushed . | . . . . Highest Temperature 93 | . 93 . . Average Temperature 38 | . 38 . . Received Heat Transfer 246 | . 132 . 114 Siege Activations . | . . . . Robots Corrupted . | . . . . Combat Hostiles . | . . . . Parts Fried . | . . . . Impact Corruptions . | . . . . Robots Melted 1 | . . . 1 Combat Hostiles 1 | . . . 1 Parts Melted 2 | . 1 . 1 Heat Transferred 681 | . 348 . 333 Parts Sabotaged . | . . . . Parts Stolen . | . . . . Parts Stripped . | . . . . Power Chain Reactions . | . . . . Alert | -11 -10 -10 -10 ------- Run | Yrd Mat Min Sub Peak Influence 365 | . 365 45 . Initial 45 | . . 45 . Average 154 | . 174 45 . Maximum Alert Level 1 | . 1 . . Low Security (%) 75 | 100 71 100 . Level 1 24 | . 28 . . Level 2 . | . . . . Level 3 . | . . . . Level 4 . | . . . . Level 5 . | . . . . High Security . | . . . . Max Security . | . . . . Squads Dispatched 3 | . 3 . . Investigation 1 | . 1 . . Extermination . | . . . . Reinforcement 2 | . 2 . . Assault . | . . . . Garrison . | . . . . Intercept . | . . . . Searches Triggered . | . . . . Construction Impeded . | . . . . Haulers Reinforced . | . . . . Active Scanning Responses . | . . . . Cargo Convoy Interrupts . | . . . . Stealth | -11 -10 -10 -10 --------- Run | Yrd Mat Min Sub Distress Signals 2 | . 2 . . Communications Jammed . | . . . . Distress Signals . | . . . . Times Spotted 34 | . 22 . 12 Peak Tracking Total 3 | . 3 . 3 Tactical Retreats . | . . . . Traps | -11 -10 -10 -10 ------- Run | Yrd Mat Min Sub Traps Triggered 2 | . 2 . . Indirectly . | . . . . Trap Hack Attempts . | . . . . Triggered . | . . . . Disarmed . | . . . . Reprogrammed . | . . . . Reused . | . . . . Traps Extracted . | . . . . Installed . | . . . . Triggered . | . . . . Machines | -11 -10 -10 -10 ---------- Run | Yrd Mat Min Sub Machines Disabled 3 | . 3 . . Max in Single Turn 3 | . 3 . . Machines Repaired . | . . . . Machines Dismantled . | . . . . Machines Sabotaged . | . . . . Overloaded Fab Kills . | . . . . Hacking | -11 -10 -10 -10 --------- Run | Yrd Mat Min Sub Machines Accessed 5 | . 4 . 1 Terminals 3 | . 3 . . Fabricators . | . . . . Repair Stations 1 | . 1 . . Recycling Units . | . . . . Scanalyzers . | . . . . Garrison Access . | . . . . Total Hacks 14 | . 11 . 3 Successful 9 | . 6 . 3 Failed 5 | . 5 . . Catastrophic 1 | . 1 . . Database Lockouts . | . . . . Manual . | . . . . Terminals 8 | . 8 . . Fabricators . | . . . . Repair Stations 3 | . 3 . . Recycling Units . | . . . . Scanalyzers . | . . . . Garrison Access . | . . . . Terminal Hacks 7 | . 4 . 3 Record 3 | . . . 3 Dispatch Records 1 | . 1 . . Security Status 1 | . 1 . . Registered Components 1 | . 1 . . Registered Prototypes 1 | . 1 . . Fabricator Hacks . | . . . . Repair Station Hacks 2 | . 2 . . Scan Component 1 | . 1 . . Repair 1 | . 1 . . Recycling Unit Hacks . | . . . . Scanalyzer . | . . . . Garrison Access Hacks . | . . . . Unauthorized Hacks . | . . . . Terminals . | . . . . Fabricators . | . . . . Repair Stations . | . . . . Recycling Units . | . . . . Scanalyzers . | . . . . Garrison Access . | . . . . Data Cores Recovered . | . . . . Used . | . . . . Hacking Detections 2 | . 2 . . Full Trace Events . | . . . . Feedback Events . | . . . . Feedback Blocked . | . . . . Robot Schematics Acquired . | . . . . Robots Built . | . . . . Authchips . | . . . . Time . | . . . . Total Robot Build Rating . | . . . . Part Schematics Acquired . | . . . . Parts Built . | . . . . Authchips . | . . . . Time . | . . . . Total Part Build Rating . | . . . . Parts Repaired 1 | . 1 . . Time 26 | . 26 . . Parts Recycled . | . . . . Recycled Matter . | . . . . Retrieved Matter . | . . . . Retrieved Components . | . . . . Parts Scanalyzed . | . . . . Part Schematics Acquired . | . . . . Parts Damaged . | . . . . Bothacking | -11 -10 -10 -10 ------------ Run | Yrd Mat Min Sub Used RIF Installer . | . . . . Robots Hacked . | . . . . Non-combat . | . . . . Combat . | . . . . Robot Hacks Applied . | . . . . Relay Couplers Released . | . . . . Fabnet Peak Effective % . | . . . . Robots Rewired . | . . . . Allies Hacked . | . . . . Hacks Repelled . | . . . . Allies | -11 -10 -10 -10 -------- Run | Yrd Mat Min Sub Total Allies 3 | . . 3 . Largest Group 3 | . . 3 3 Highest-Rated Group 40 | . . 40 40 Highest-Rated Ally 16 | . . 16 16 Total Orders . | . . . . Ally Attacks 24 | . . . 24 Total Damage 145 | . . . 145 Kills 3 | . . . 3 Allies Corrupted . | . . . . Allies Melted . | . . . . Intel | -11 -10 -10 -10 ------- Run | Yrd Mat Min Sub Robot Analysis Total . | . . . . Derelict Logs Recovered 2 | . . 2 . Drone Launches . | . . . . Drone Recoveries . | . . . . Exploration | -11 -10 -10 -10 ------------- Run | Yrd Mat Min Sub Turns Passed 2500 | 48 1491 195 766 Spaces Moved 1737 | 47 944 153 593 Core 17 | 17 . . . Treads . | . . . . Legs 449 | . 116 153 180 Wheels 855 | 30 412 . 413 Hover 416 | . 416 . . Flight . | . . . . Fastest Speed 50 | 50 56 120 95 Average Speed 108 | 75 110 120 105 Slowest Speed 190 | 90 190 120 190 Overloaded Moves . | . . . . Propulsion Burnouts . | . . . . Robots Hopped . | . . . . Cave-ins Triggered . | . . . . Exploration Rate (%) 43 | 4 99 41 28 Regions Visited 3 Branch Regions 2 Pre-discovered Areas 1 | . . 1 . Known Exits Taken . | . . . . Unknown Exits Taken 3 | 1 1 1 . Scrap Searched . | . . . . Spaces Dug . | . . . . Terrain Destroyed 124 | . 43 . 81 Melee . | . . . . Projectile . | . . . . AOE 124 | . 43 . 81 Terrain Rammed . | . . . . Walls Destroyed . | . . . . Machines Disabled . | . . . . Actions | -11 -10 -10 -10 --------- Run | Yrd Mat Min Sub Total 2195 | 59 1306 165 665 Wait 288 | . 274 11 3 Move 1734 | 46 943 152 593 Hop . | . . . . Pick Up 40 | 7 25 1 7 Fast Attach . | . . . . Attach 21 | 6 10 . 5 Detach . | . . . . Swap 10 | . 1 . 9 Drop 18 | . 9 1 8 Fire 84 | . 44 . 40 Melee . | . . . . Ram . | . . . . Kick . | . . . . Crush . | . . . . Escape Stasis . | . . . . Rewire . | . . . . Trap . | . . . . Miscellaneous . | . . . . Route ------- -11/Scrapyard -10/Materials (discovered 6 exits: [*Mat x3] / [*Min x2] / *Sub) -10/Mines -10/Subcaves (discovered 1 exit: Rec) History --------- Turn | Location | Event 4 | -11/Scrapyard | Discovered new exit (range 15) 49 | -11/Scrapyard | Entered Materials 300 | -10/Materials | Build established: Mutant 378 | -10/Materials | Discovered new exit (range 13) 772 | -10/Materials | Discovered new exit (range 9) 886 | -10/Materials | Discovered new exit (range 4) 1068 | -10/Materials | Discovered new exit (range 10) 1118 | -10/Materials | Discovered new exit (range 15) 1250 | -10/Materials | Repaired Sml. Storage Unit 1363 | -10/Materials | Core integrity fell below 50% 1468 | -10/Materials | Discovered new exit (range 5) 1540 | -10/Materials | Entered Mines 1542 | -10/Mines | Assisted by bots powering up and referring to "LRC-V3" 1558 | -10/Mines | Learned Materials interactive machine intel 1566 | -10/Mines | Met a Derelict bent on vengeance 1595 | -10/Mines | Received a Rocket Launcher from a helpful Derelict 1719 | -10/Mines | Discovered new exit (range 6) 1735 | -10/Mines | Entered Subcaves 1735 | -10/Subcaves | Accompanied by 3 allies 1871 | -10/Subcaves | Lost 3 allies 1999 | -10/Subcaves | Core integrity fell below 20% 2154 | -10/Subcaves | Build established: Scavenger-Mutant 2282 | -10/Subcaves | Visited Clippyterm 2285 | -10/Subcaves | Identified exit to Recycling 2501 | -10/Subcaves | Destroyed by M0-GXM(R) with Subdweller Machine Gun Last Messages --------------- still manages to suggest unhelpful sample queries and responses. --DD-NU8 >>Record! "Trash" It looks like you need to recycle something, would you like help? Loading 1 Recycling entrance... >>Record! "Tab" It looks like you're biased against spaces, I think you need more help than I can offer. QJ-ZLZ(R) destroyed. Acquired 16 matter. L4-H43(u) tweaks Twisted Machinery. The unstable cave ceiling collapses. U6-777(u) cries out in pain. U6-777(u) destroyed. The unstable cave ceiling collapses. M0-GXM(R): "OHNO!" The unstable cave ceiling collapses. Sub. Machine Gun shoots sparks and powers down. Dropped Broken Sub. Machine Gun. Map ----- +----------------------------------------------------+ | ?????????## #??????## ##?????????????????## | | ?????????##### ##?????# ##?????????######## | | ????????##""# ""#??#### ##???????## | | ????????# """"""""""" #??###### | | ????????## "#" #""" # ## #### # | | ????##### "#######"##?# !%& | | ???## ### ##????##"#### ## *= | | #### ## ######""%&&#& # # ##### | | ## ##"""&*&## #####???# ### | | # # *%""]/!& # ##?????## ###?# | | #### =* ! !&]& #??????###???# | | ##### ## % ! "# ##????????????## | | #??# #### ##### # #??????????????? | | ##??## #??####???## # #" #??????????????? | | ##????######??????????# ####??????????????? | | ????????????????????### ##?????????????????# | | ????????????????????# #?????????????????# | | ????????????????????# # ###?????????????????# | | ????????????????????## ##???????????????????? | | ???????????????? ### ##???????????????????? | | ?????????????????""""" #???????????????????? | | ?????????????????"""" ""#???????????????????? | | ?????????????????""""" R "##??????????????????? | | ?????????????????##""" " ##?????????????????? | | ??????????????????##"" ## #?????????????? | | ???????????????????##"" @ #?????????????? | | ????????????????????##"" ## ##?????????????? | | ?????????????????????# ##?# #??????????????? | | ?????????????????????# ##???####??????????????? | | ?????????????????????# ##??????????????????????? | | ????????????????????? ????????????????????????? | | ???????????????????? ????????????????????????? | | ??????????????????? ????????????????????????? | | ??????????????????# ????????????????????????? | | ??????????????????## ????????????????????????? | | ???????????????????## ##????????????????????????? | | ????????????????????# ??????????????????????????? | | ????????????????????# ??????????????????????????? | | ???????????????????? ??????????????????????????? | | ????????????????????? ???????????????????????????? | | ?????????????????????????????????????????????????? | | ?????????????????????????????????????????????????? | | ?????????????????????????????????????????????????? | | ?????????????????????????????????????????????????? | | ?????????????????????????????????????????????????? | | ?????????????????????????????????????????????????? | | ?????????????????????????????????????????????????? | | ?????????????????????????????????????????????????? | | ?????????????????????????????????????????????????? | | ?????????????????????????????????????????????????? | +----------------------------------------------------+ Best States ------------- Heat Dissipation 25 Energy Generation 10 Energy Capacity 250 Matter Stores 300 Matter Capacity 300 Sight Range 16 Terrain Scan Density 10 Evasion (%) 55 Offensive Hacking 10 Item Schematics ----------------- None Robot Schematics ------------------ None Fabricated ------------ Nothing Alien Tech Used ----------------- None Achievements -------------- None Challenges ------------ None Game ------ Seed MeleeBehemothSpear Manual? 0 Play Time 00:22:43 Cumulative 30.5 hours Start 2025.05.05 @ 18:56:09 End 2025.05.05 @ 19:17:38 Sessions 1 Manual Loads 0 Difficulty Rogue Special Mode None Game No. 29 Rogue 29 Adventurer 0 Explorer 0 Win Type - Total 0 Types 0/0/0/0/0/0/0/0/0 Lore% 19 Gallery% 24 Achievement% 21 Wizard Run 0 Options --------- Layout 1 ASCII 0 Keyboard 0 Movement Mouse Keybinds 0 Fullscreen 1 Font 24/Smallcaps Map View 50x35 Zoom Use 0% Tactical HUD 0 Map Filters NONE Filters NONE Steam 1 RUN: b9b6506c-9090-4ff6-9649-4ab8e58808fc